 Dungeon Crawl Stone Soup version 0.30-a0-34-gbe8da3892a (webtiles) character file.

Game seed: 13398425732699630188

2 Sobieck the Sneak (level 1, -2/14 HPs)
             Began as a Kobold Delver on Aug 27, 2022.
             Slain by an orc
             ... wielding a +0 whip
              (3 damage)
             ... on level 5 of the Dungeon.
             The game lasted 00:00:58 (55 turns).

Sobieck the Sneak (Kobold Delver)                     Turns: 55, Time: 00:00:59

Health: -2/14      AC:  3    Str:  9    XL:     1   Next: 33%
Magic:  1/1        EV: 14    Int: 11    God:
Gold:   0          SH:  0    Dex: 16    Spells: 0/0 levels left

rFire   . . .      SeeInvis .    a - +0 short sword {short}
rCold   . . .      Faith    .    (no shield)
rNeg    . . .      Spirit   .    b - +0 leather armour
rPois   .          Reflect  .    (no helmet)
rElec   .          Harm     .    (no cloak)
rCorr   .          Rampage  .    (no gloves)
Will    .....                    (no boots)
Stlth   ++++......               (no amulet)
HPRegen 0.04/turn                (no ring)
MPRegen 0.07/turn                (no ring)

@: no status effects
A: small, no large weapons, nightstalker 3
a: no special abilities


You were on level 5 of the Dungeon.
You visited 1 branch of the dungeon, and saw 2 of its levels.


Innate Abilities, Weirdness & Mutations

You are small and have problems with some larger weapons.
You are completely attuned to the shadows.


   Skills:
 + Level 3.3 Fighting
 * Level 2.8 Short Blades
 - Level 2.4 Dodging
 - Level 6.6 Stealth
 + Level 0.1 Evocations


You couldn't memorise any spells.
You didn't know any spells.
Your spell library was empty.

Inventory:

Hand Weapons
 a - a +0 short sword (weapon) {short}
Armour
 b - a +0 leather armour (worn)
Wands
 g - a wand of digging (3)
Scrolls
 c - a scroll of fog
 d - a scroll of magic mapping {!r}
 e - a scroll of fear
Potions
 f - a potion of haste {@q3}

Dungeon Overview and Level Annotations

Branches:
Dungeon (6/15) Zot: 11944
 Temple: D:4-7

Altars:

Shops:
D:6

( ........
#.......#
##...o...#
#...oo...#
#...@....#.
##.........
#......###
######.#.
##.##.#.####
......#....# .
......#....#.#.
......##..##l..
.............#.


You could see an orc priest and 2 orcs.


Message History

🤖 Initializing magus.rc ...
Options error: Bad monster_list_colour key: strict_neutral (~/.crawlrc:4811) Bad channel name for runrest: 'pray:' ✅ Successfully initialized magus_sobieck.rc [v0.0.2] Welcome, Sobieck the Kobold Delver.
The heart of this dungeon contains the legendary artefact, the Orb of Zot.
Press ? for a list of commands and other information.
Found a stone staircase leading down.
Okay, then.
Unknown command.
Unknown command.
Unknown command.
Unknown command.
Unknown command.
Unknown command.
Unknown command.
Unknown command.
You climb downwards.
Found Gevvonob's Antique Weapon Emporium.
There is a stone staircase leading up here.
Unknown command.
Unknown command.
Unknown command.
There is an entrance to Gevvonob's Antique Weapon Emporium here.
You can access your shopping list by pressing '$'.
Unknown command.
There is a stone staircase leading up here.
You climb upwards.
There is a stone staircase leading down here.
Unknown command.
Unknown command.
A kobold zombie and an orc zombie come into view.
Danger!
A kobold zombie comes into view.
The orc zombie misses you. The kobold zombie closely misses you.
Unknown command.
You hit the orc zombie.
The kobold zombie hits you but does no damage.
The orc zombie hits you but does no damage.
There is a stone staircase leading down here.
Unknown command.
You barely miss the orc zombie. The orc zombie closely misses you.
You hit the orc zombie.
The orc zombie hits you but does no damage.
You barely miss the orc zombie. You barely miss the orc zombie.
The orc zombie misses you.
You hit the orc zombie. The orc zombie barely misses you.
The kobold zombie hits you but does no damage.
You barely miss the orc zombie. The kobold zombie misses you.
The orc zombie closely misses you.
You hit the orc zombie.
You destroy the orc zombie!
The kobold zombie barely misses you. x2
Unknown command.
You hit the kobold zombie. The kobold zombie barely misses you. x2
You barely miss the kobold zombie. The kobold zombie misses you.
The kobold zombie hits you but does no damage.
You hit the kobold zombie. The kobold zombie misses you.
The kobold zombie closely misses you.
You hit the kobold zombie.
You destroy the kobold zombie!
Unknown command.
You completely miss the kobold zombie. The kobold zombie hits you.
You hit the kobold zombie. The kobold zombie barely misses you.
You hit the kobold zombie but do no damage.
The kobold zombie closely misses you.
You hit the kobold zombie but do no damage.
You hit the kobold zombie. The kobold zombie barely misses you.
You hit the kobold zombie.
You destroy the kobold zombie!
There is a stone staircase leading down here.
You start resting.
An iguana comes into view.
Danger!
An orc comes into view. It is wielding a +0 dagger.
Danger!
An orc and an orc priest come into view.
The orc priest is wielding a +0 trident of protection.
The orc shouts! x2
The orc priest hits you from afar with a +0 trident of protection.
The orc hits you but does no damage.
You hit the orc but do no damage.
The orc priest hits you from afar with a +0 trident of protection.
* * * LOW HITPOINT WARNING * * *
The orc completely misses you. The orc hits you with a +0 dagger.
* * * LOW HITPOINT WARNING * * *
Unknown command.
Unknown command.
You barely miss the orc. The orc hits you with a +0 whip.
You die...

Action                   || total
-------------------------++-------
Melee: Short sword       ||    20
Armor: Leather armour    ||     6
Dodge: Dodged            ||    18

Levels and vault maps discovered:
D:5:      layout_loops_cross, nicolae_overflow_hidden_temple,
          minmay_mini_ossuary
D:6:      layout_gridville, serial_shops, shop, hangedman_decor_opposing,
          minmay_manual_mail, uniq_prince_ribbit1

Notes
Turn   | Place    | Note
-------+----------+-------------------------------------------
     0 | D:5      | Sobieck the Kobold Delver began the quest for the Orb.
     0 | D:5      | Reached XP level 1. HP: 14/14 MP: 1/1
     1 | D:6      | Found Gevvonob's Antique Weapon Emporium.
    42 | D:5      | Noticed an iguana
    52 | D:5      | Noticed an orc priest
    54 | D:5      | HP: 2/14 [orc priest/+0 trident of protection (6)]
    55 | D:5      | Slain by an orc

Vanquished Creatures
  2 kobold zombies (D:5)
  An orc zombie (D:5)
3 creatures vanquished.

Table legend:
 A = Non-vault XP
 B = Vault XP
 C = Vault XP percentage of total XP
 D = Non-vault monster count
 E = Vault monster count
 F = Vault count percentage of total count
                 A         B        C        D         E       F
            +---------+---------+-------+---------+---------+-------
      Total |       0 |       3 | 100.0 |       0 |       3 | 100.0
            +---------+---------+-------+---------+---------+-------
        D:5 |       0 |       3 | 100.0 |       0 |       3 | 100.0
            +---------+---------+-------+---------+---------+-------

Illustrated notes

Table legend:
 A = Kills in this place as a percentage of kills in entire the game.
 B = Kills by you in this place as a percentage of kills by you in the entire game.
 C = Kills by friends in this place as a percentage of kills by friends in the entire game.
 D = Other kills in this place as a percentage of other kills in the entire game.
 E = Experience gained in this place as a percentage of experience gained in the entire game.
 F = Experience gained in this place divided by the number of levels of this place that you have seen.
                   A       B       C       D       E      F
               +-------+-------+-------+-------+-------+----------------------
         Total | 100.0 | 100.0 |   N/A |   N/A | 100.0 |   1.5
       Dungeon | 100.0 | 100.0 |   N/A |   N/A | 100.0 |   1.5
               +-------+-------+-------+-------+-------+----------------------

Table legend: (Time is in decaauts)
 A = Elapsed time spent in this place.
 B = Non-inter-level travel time spent in this place.
 C = Inter-level travel time spent in this place.
 D = Time resting spent in this place.
 E = Time spent auto-exploring this place.
 F = Levels seen in this place.
 G = Mean time per level.
                   A        B        C        D        E       F      G
               +--------+--------+--------+--------+--------+-----+--------+
         Total |     54 |     54 |      0 |      5 |      1 |   2 |   27.0 |
       Dungeon |     54 |     54 |      0 |      5 |      1 |   2 |   27.0 |
               +--------+--------+--------+--------+--------+-----+--------+

Top non-repeatable levels by time:
     D:5: 48 daAuts
     D:6: 5 daAuts
